 Dungeon Crawl Stone Soup version 0.29.1-12-g30fa7ad0bf (webtiles) character file.

Game seed: 7480563295349122301

660 venomsnake the Thaumaturge (level 7, -3/36 HPs)
             Began as a Deep Elf Conjurer on Jan 13, 2023.
             Slain by a gnoll
             ... wielding a +0 flail
              (5 damage)
             ... on level 4 of the Dungeon.
             The game lasted 00:10:28 (4322 turns).

venomsnake the Thaumaturge (Deep Elf Conjurer)      Turns: 4322, Time: 00:10:28

Health: -3/36      AC:  4    Str:  4    XL:     7   Next: 30%
Magic:  20/20      EV: 12    Int: 25    God:
Gold:   197        SH:  0    Dex: 13    Spells: 19/22 levels left

rFire   . . .      SeeInvis .   i - +0 club
rCold   . . .      Faith    .   (no shield)
rNeg    . . .      Spirit   .   a - +0 robe
rPois   .          Reflect  .   (no helmet)
rElec   .          Harm     .   j - +1 cloak {Will+}
rCorr   .          Rampage  .   (no gloves)
Will    +....                   (no boots)
Stlth   ++........              (no amulet)
HPRegen 0.12/turn               (no ring)
MPRegen 0.17/turn               (no ring)

@: no status effects
A: no striking features
a: no special abilities


You were on level 4 of the Dungeon.
You visited 1 branch of the dungeon, and saw 4 of its levels.

You collected 197 gold pieces.

Inventory:

Hand Weapons
 i - a +0 club (weapon)
Armour
 a - a +0 robe (worn)
 j - a +1 cloak of willpower (worn)
Wands
 s - a wand of polymorph (8)
Scrolls
 c - 2 scrolls of enchant armour
 e - a scroll of identify {unknown}
 g - a scroll of immolation {unknown}
 k - a scroll of fear {unknown}
 l - a scroll of teleportation {unknown}
 q - a scroll of poison
Potions
 b - a potion of magic
 d - 2 potions of might {unknown}
 f - 2 potions of flight {unknown}
 h - a potion of lignification {unknown}
 m - a potion of invisibility {unknown}
 n - 2 potions of mutation {unknown}
 o - a potion of haste {unknown}
 p - a potion of resistance {unknown}
 r - 2 potions of degeneration {unknown}
 t - 3 potions of attraction {unknown}


   Skills:
 - Level 2.4 Dodging
 - Level 2.4 Stealth
 - Level 8.0 Spellcasting
 + Level 7.6 Conjurations


You had 19 spell levels left.
You knew the following spells:

 Your Spells              Type           Power      Damage    Failure   Level
a - Magic Dart            Conj           100%       1d8       1%          1
b - Searing Ray           Conj           96%        2d7       1%          2

Your spell library contained the following spells:

 Spells                   Type           Power      Damage    Failure   Level
 Dazzling Flash           Conj/Hex       58%        N/A       3%          3
 Necrotise                Necr           40%        1d6       6%          1
 Ensorcelled Hibernation  Hex/Ice        20%        N/A       9%          2
 Passwall                 Tmut/Erth      8%         N/A       9%          2
 Fulminant Prism          Conj/Hex       14%        3d9       13%         4
 Iskenderun's Mystic Bla  Conj/Tloc      29%        2d7       13%         4
 Gell's Gravitas          Tloc           10%        N/A       19%         3
 Lesser Beckoning         Tloc           10%        N/A       19%         3
 Swiftness                Air            10%        N/A       19%         3
 Teleport Other           Tloc           10%        N/A       19%         3
 Vampiric Draining        Necr           10%        2d6       19%         3
 Agony                    Necr           10%        N/A       86%         5
 Dispersal                Tloc           5%         N/A       100%        6


Dungeon Overview and Level Annotations

Branches:
Dungeon (4/15)
 Temple: D:4-7

Altars:
Kikubaaqudgha
Yredelemnul


Message History

Casting: Magic Dart (safe; 1% risk of failure)
Confirm with . or Enter, or press ? or * to list all spells.
Aiming: Magic Dart (safe; 1% risk of failure)
Press: ? - help, Shift-Dir - straight line, f/p - orc
Aim: an orc, wielding a +4 flail of venom (heavily wounded, 100% to hit)
The magic dart hits the orc.
You kill the orc!
There is a stone staircase leading down here.
You now have 197 gold pieces (gained 36).
Things that are here:
a +4 flail of venom; a scroll of poison; an orc corpse
There is a stone staircase leading down here.
Things that are here:
a +4 flail of venom; a scroll of poison; an orc corpse
q - a scroll of poison
There is a stone staircase leading down here.
You climb downwards.
You hear the sound of rushing water.
There is an entrance to a sewer on this level.
Hurry and find it before the portal rusts away!
You hear the hiss of flowing sand.
There is an entrance to an ossuary on this level.
Hurry and find it before the portal is buried!
There is a stone staircase leading up here.
A gnoll comes into view. It is wielding a +0 spear.
You hit the gnoll but do no damage. The gnoll hits you with a +0 flail!
You hit the gnoll but do no damage. The gnoll hits you with a +0 flail.
You closely miss the gnoll. The gnoll barely misses you.
You hit the gnoll.
The gnoll is lightly wounded.
The gnoll hits you with a +0 flail! The gnoll barely misses you.
You hit the gnoll.
The gnoll is moderately wounded.
The gnoll hits you with a +0 flail!
You barely miss the gnoll.
The gnoll is moderately wounded.
The gnoll hits you with a +0 flail!
* * * LOW HITPOINT WARNING * * *
You hit the gnoll.
The gnoll is moderately wounded.
The gnoll hits you with a +0 flail.
You die... ########### #<.@g..ggg. ###########

You could see 4 gnolls.

Vanquished Creatures
  Sigmund (D:3)
  A human (D:3)
  A centaur (D:3)
  An orc priest (D:3)
  Jessica (D:3)
  2 human skeletons (D:3)
  Natasha (thrice) (D:3)
  4 gnolls
  2 adders (D:2)
  5 orcs (D:3)
  11 ball pythons
  5 endoplasms
  2 giant cockroaches (D:3)
  5 goblins
  4 hobgoblins
  A quokka (D:1)
  6 bats
  3 frilled lizards
  4 kobolds
  5 rats (D:2)
67 creatures vanquished.

Notes
Turn   | Place    | Note
-------+----------+-------------------------------------------
     0 | D:1      | venomsnake the Deep Elf Conjurer began the quest for the
                  | Orb.
     0 | D:1      | Reached XP level 1. HP: 10/10 MP: 6/6
   388 | D:1      | Reached XP level 2. HP: 15/15 MP: 5/8
   463 | D:1      | Learned a level 2 spell: Searing Ray
   989 | D:1      | Reached skill level 4 in Spellcasting
  1307 | D:2      | Reached skill level 5 in Conjurations
  1336 | D:2      | Reached XP level 3. HP: 19/19 MP: 8/10
  1556 | D:2      | Found an ancient bone altar of Kikubaaqudgha.
  1829 | D:2      | Found a faded altar of an unknown god.
  2123 | D:2      | Reached XP level 4. HP: 24/24 MP: 6/12
  2461 | D:3      | Reached skill level 5 in Spellcasting
  2475 | D:3      | Noticed Sigmund
  2484 | D:3      | Killed Sigmund
  2485 | D:3      | Reached skill level 6 in Spellcasting
  2485 | D:3      | Reached XP level 5. HP: 16/28 MP: 1/15
  2625 | D:3      | Identified the +3 whip of Vidocw {speed, rElec rF+ rCorr}
  2625 | D:3      | Noticed a centaur
  2630 | D:3      | Killed a centaur
  2631 | D:3      | Reached XP level 6. HP: 15/32 MP: 9/17
  3122 | D:3      | Noticed Natasha
  3129 | D:3      | Killed Natasha
  3247 | D:3      | Noticed Jessica
  3257 | D:3      | Killed Jessica
  3318 | D:3      | Reached skill level 7 in Spellcasting
  3398 | D:3      | Found a runed translucent door.
  3398 | D:3      | Noticed a human
  3465 | D:3      | Found a basalt altar of Yredelemnul.
  3663 | D:3      | Noticed Natasha
  3667 | D:3      | Killed Natasha
  3743 | D:3      | Noticed Natasha
  3746 | D:3      | Killed Natasha
  3834 | D:3      | Reached XP level 7. HP: 36/36 MP: 13/19
  4198 | D:3      | Killed a human
  4199 | D:3      | Reached skill level 8 in Spellcasting
  4322 | D:4      | Slain by a gnoll

Illustrated notes

Levels and vault maps discovered:
D:1:      dpeg_arrival_ternary, layout_basic, dreamdust_princess_corridor,
          ebering_dispersal_statue_hall, minmay_tetromino_t2
D:2:      layout_rooms, basic_altar, shapermc_ecumenical_altar_mp_highgroup
D:3:      layout_loops_ring, dk_yredelemnul_ordeal,
          nicolae_elevator_lobby_asterisk, uniq_jessica, uniq_natasha,
          uniq_sigmund
D:4:      layout_basic, kennysheep_orc_sif_temple, kennysheep_mini_moat,
          cheibrodos_sewer_entry_bend, lightli_ossuary_entry_decrepit_ruins,
          nrook_mini_backslash, minivault_5, minmay_diced_spiral

Skill      XL: |  1  2  3  4  5  6  7 |
---------------+----------------------+-----
Spellcasting   | 4 6 7 8 |  8.0
Conjurations   | 5 6 7 |  7.6
Dodging        | |  2.4
Stealth        | |  2.4

Action                   |  1- 3 |  4- 6 |  7- 9 || total
-------------------------+-------+-------+-------++-------
Melee: Club              |       |       |     7 ||     7
 Cast: Magic Dart        |    64 |    79 |    10 ||   153
       Searing Ray       |     2 |    13 |     5 ||    20
  Use: Scroll            |       |       |     3 ||     3
Armor: Robe              |     1 |       |       ||     1
Dodge: Dodged            |     1 |     8 |     2 ||    11
